TOP OF THE 1ST |
University of South Carolina Gamecocks batting - Pitching for Rice University Owls : RHP Cahya Sumual
|
Pitching: RHP Cahya Sumual
|
|
Batting: LHB Bert Webster
|
0-0: Ground out U3 (Groundball, 34, EV 84.4 MPH)
|
Batting: RHB Brian Passalacqua
|
0-0: Called Strike 0-1: Fly out, F3 (Popup, 3S, EV 64.4 MPH)
|
Batting: SHB Keith Mihas
|
0-0: Ball 1-0: Foul Ball, location: 2F 1-1: Ball 2-1: Fly out, F9 (Flyball, 89M, EV 89.4 MPH)
|
Top of the 1st over - 0 runs, 0 hits, 0 errors, 0 left on base; University of South Carolina 0 - Rice University 0 |
BOTTOM OF THE 1ST |
Rice University Owls batting - Pitching for University of South Carolina Gamecocks : RHP Milorad Telacevic
|
Pitching: RHP Milorad Telacevic
|
|
Batting: RHB Caleb Mercer
|
0-0: Ground out 5-3 (Groundball, 56, EV 80.0 MPH)
|
Batting: RHB Alex Alvarez
|
0-0: Ball 1-0: Ball 2-0: Ground out 6-3 (Groundball, 6, EV 104.4 MPH)
|
Batting: RHB Jose Soto
|
0-0: Foul Ball, location: 2F 0-1: Ball 1-1: Foul Ball, location: 2F 1-2: Strikes out swinging
|
Bottom of the 1st over - 0 runs, 0 hits, 0 errors, 0 left on base; University of South Carolina 0 - Rice University 0 |
TOP OF THE 2ND |
University of South Carolina Gamecocks batting - Pitching for Rice University Owls : RHP Cahya Sumual
|
Batting: LHB Chris McNay
|
0-0: Ball 1-0: Foul Ball, location: 2F 1-1: Foul Ball, location: 2F 1-2: Ground out 5-3 (Groundball, 5S, EV 83.1 MPH)
|
Batting: RHB Josh Shirkey
|
0-0: Ground out 4-3 (Groundball, 4D, EV 106.2 MPH)
|
Batting: RHB Phil Hanley
|
0-0: Foul Ball, location: 2F 0-1: Ball 1-1: Foul Ball, location: 2F 1-2: SINGLE (Groundball, 5S, EV 63.1 MPH) (infield hit)
|
Batting: RHB Ben Turner
|
0-0: Ball 1-0: Called Strike Phil Hanley is caught stealing 2nd base 2-4
|
Top of the 2nd over - 0 runs, 1 hit, 0 errors, 0 left on base; University of South Carolina 0 - Rice University 0 |
BOTTOM OF THE 2ND |
Rice University Owls batting - Pitching for University of South Carolina Gamecocks : RHP Milorad Telacevic
|
Batting: SHB Ken Wilson
|
0-0: Ball 1-0: Called Strike 1-1: Foul Ball, location: 2F 1-2: Ground out U3 (Groundball, 34, EV 86.9 MPH)
|
Batting: RHB Neil Worth
|
0-0: Ball 1-0: Ground out 4-3 (Groundball, 4MS, EV 95.0 MPH)
|
Batting: RHB Bill Turcotte
|
0-0: Fly out, F9 (Line Drive, 89M, EV 110.0 MPH)
|
Bottom of the 2nd over - 0 runs, 0 hits, 0 errors, 0 left on base; University of South Carolina 0 - Rice University 0 |
TOP OF THE 3RD |
University of South Carolina Gamecocks batting - Pitching for Rice University Owls : RHP Cahya Sumual
|
Batting: RHB Ben Turner
|
0-0: Called Strike 0-1: Ball 1-1: Ball 2-1: Foul Ball, location: 2F 2-2: Ground out 3-1 (Groundball, 34, EV 81.2 MPH)
|
Batting: RHB Jeff Swanson
|
0-0: Foul Ball, location: 2F 0-1: Ball 1-1: Ball 2-1: Foul Ball, location: 2F 2-2: Foul Ball, location: 2F 2-2: Fly out, F8 (Flyball, 8LD, EV 91.2 MPH)
|
Batting: RHB Abel Wensink
|
0-0: Ball 1-0: Foul Ball, location: 2F 1-1: Foul Ball, location: 2F 1-2: Ball 2-2: Ball 3-2: Foul Ball, location: 2F 3-2: Strikes out swinging, 2-3 out at first.
|
Top of the 3rd over - 0 runs, 0 hits, 0 errors, 0 left on base; University of South Carolina 0 - Rice University 0 |
BOTTOM OF THE 3RD |
Rice University Owls batting - Pitching for University of South Carolina Gamecocks : RHP Milorad Telacevic
|
Batting: RHB Emanuel Pulido
|
0-0: Called Strike 0-1: Swinging Strike 0-2: Ground out 4-3 (Groundball, 4, EV 99.4 MPH)
|
Batting: RHB Brock Ti
|
0-0: Ball 1-0: Foul Ball, location: 2F 1-1: Swinging Strike 1-2: Ground out 5-3 (Groundball, 56S, EV 69.4 MPH)
|
Batting: RHB Jim Grosso
|
0-0: Foul Ball, location: 2F 0-1: Fly out, F6 (Popup, 56D, EV 48.1 MPH)
|
Bottom of the 3rd over - 0 runs, 0 hits, 0 errors, 0 left on base; University of South Carolina 0 - Rice University 0 |
TOP OF THE 4TH |
University of South Carolina Gamecocks batting - Pitching for Rice University Owls : RHP Cahya Sumual
|
Batting: LHB Bert Webster
|
0-0: Ball 1-0: Ball 2-0: Ball 3-0: Swinging Strike 3-1: Foul Ball, location: 2F 3-2: Strikes out looking
|
Batting: RHB Brian Passalacqua
|
0-0: Ground out 5-3 (Groundball, 5, EV 82.5 MPH)
|
Batting: SHB Keith Mihas
|
0-0: Foul Ball, location: 2F 0-1: Swinging Strike 0-2: Foul Ball, location: 2F 0-2: Foul Ball, location: 2F 0-2: Ball 1-2: Fly out, F7 (Flyball, 7D, EV 103.1 MPH)
|
Top of the 4th over - 0 runs, 0 hits, 0 errors, 0 left on base; University of South Carolina 0 - Rice University 0 |
BOTTOM OF THE 4TH |
Rice University Owls batting - Pitching for University of South Carolina Gamecocks : RHP Milorad Telacevic
|
Batting: RHB Caleb Mercer
|
0-0: Ball 1-0: Foul Ball, location: 2F 1-1: Called Strike 1-2: Ground out 6-3 (Groundball, 6, EV 105.6 MPH)
|
Batting: RHB Alex Alvarez
|
0-0: Fly out, F4 (Popup, 13, EV 76.9 MPH)
|
Batting: RHB Jose Soto
|
0-0: Ball 1-0: Ball 2-0: Foul Ball, location: 2F 2-1: Fly out, F8 (Flyball, 89M, EV 89.4 MPH)
|
Bottom of the 4th over - 0 runs, 0 hits, 0 errors, 0 left on base; University of South Carolina 0 - Rice University 0 |
TOP OF THE 5TH |
University of South Carolina Gamecocks batting - Pitching for Rice University Owls : RHP Cahya Sumual
|
Batting: LHB Chris McNay
|
0-0: Foul Ball, location: 2F 0-1: Ball 1-1: Swinging Strike 1-2: Strikes out looking
|
Batting: RHB Josh Shirkey
|
0-0: Ball 1-0: Ball 2-0: Foul Ball, location: 2F 2-1: Ball 3-1: Base on Balls
|
Batting: RHB Phil Hanley
|
0-0: Ball 1-0: Ball 2-0: Called Strike 2-1: Grounds into double play, 6-4-3 (Groundball, 6, EV 88.8 MPH)
|
Top of the 5th over - 0 runs, 0 hits, 0 errors, 0 left on base; University of South Carolina 0 - Rice University 0 |
BOTTOM OF THE 5TH |
Rice University Owls batting - Pitching for University of South Carolina Gamecocks : RHP Milorad Telacevic
|
Now in RF: Gregg Burchett
|
|
Batting: SHB Ken Wilson
|
0-0: Swinging Strike 0-1: SOLO HOME RUN (Flyball, 9LD, EV 98.8 MPH), Distance : 378 ft
|
Batting: RHB Neil Worth
|
0-0: Called Strike 0-1: Swinging Strike 0-2: Ball 1-2: Foul Ball, location: 2F 1-2: Ball 2-2: Fly out, F8 (Flyball, 8RXD, EV 111.2 MPH)
|
Batting: RHB Bill Turcotte
|
0-0: Ball 1-0: Called Strike 1-1: Foul Ball, location: 2F 1-2: SINGLE (Groundball, 5D, EV 101.2 MPH)
|
Batting: RHB Emanuel Pulido
|
0-0: Swinging Strike 0-1: SINGLE (Line Drive, 9LS, EV 102.5 MPH) Bill Turcotte to second
|
Batting: RHB Brock Ti
|
0-0: Called Strike 0-1: Fly out, F9 (Flyball, 9LSF, EV 95.0 MPH)
|
Batting: RHB Jim Grosso
|
0-0: Swinging Strike 0-1: Called Strike 0-2: Ground out 3-1 (Groundball, 34, EV 80.0 MPH)
|
Bottom of the 5th over - 1 run, 3 hits, 0 errors, 2 left on base; University of South Carolina 0 - Rice University 1 |
TOP OF THE 6TH |
University of South Carolina Gamecocks batting - Pitching for Rice University Owls : RHP Cahya Sumual
|
Now at C: Aldred Lieshout
|
|
Now at 1B: Nick Biel
|
|
Batting: RHB Ben Turner
|
0-0: Called Strike 0-1: Fly out, F8 (Flyball, 8RS, EV 88.1 MPH)
|
Batting: RHB Jeff Swanson
|
0-0: Called Strike 0-1: Fly out, F7 (Flyball, 78S, EV 86.2 MPH)
|
Batting: RHB Abel Wensink
|
0-0: Swinging Strike 0-1: Ball 1-1: Ball 2-1: Fly out, F8 (Flyball, 8RD, EV 96.2 MPH)
|
Top of the 6th over - 0 runs, 0 hits, 0 errors, 0 left on base; University of South Carolina 0 - Rice University 1 |
BOTTOM OF THE 6TH |
Rice University Owls batting - Pitching for University of South Carolina Gamecocks : RHP Milorad Telacevic
|
Now at C: Pete Fitchett
|
|
Now at 1B: Joel Bany
|
|
Now at 2B: Danny Narvaez
|
|
Now in LF: Jörg Young
|
|
Now in CF: Abel Wensink
|
|
Pinch Hitting: LHB Chris Gonzales
|
0-0: Swinging Strike 0-1: Foul Ball, location: 2F 0-2: Ball 1-2: Ball 2-2: Ground out 6-3 (Groundball, 6, EV 79.4 MPH)
|
Pinch Hitting: RHB Allen Jarvis
|
0-0: Ball 1-0: SINGLE (Groundball, 25, EV 70.6 MPH) (infield hit)
|
Pinch Hitting: RHB Javier Quinones
|
0-0: Ball 1-0: Ball 2-0: DOUBLE (Line Drive, 8LXD, EV 105.6 MPH) Allen Jarvis to third Runner from 3rd tries for Home, SAFE, no throw by CF
|
Batting: RHB Frank Renteria
|
0-0: Swinging Strike 0-1: Ground out 5-3 (Groundball, 5L, EV 86.9 MPH)
|
Batting: LHB Aldred Lieshout
|
0-0: Foul Ball, location: 2F 0-1: Ball 1-1: Foul Ball, location: 2F 1-2: SINGLE (Line Drive, 89M, EV 93.8 MPH) Javier Quinones to third
|
Batting: RHB Nick Biel
|
0-0: Fly out, F8 (Flyball, 8LM, EV 89.4 MPH)
|
Bottom of the 6th over - 1 run, 3 hits, 0 errors, 2 left on base; University of South Carolina 0 - Rice University 2 |
TOP OF THE 7TH |
University of South Carolina Gamecocks batting - Pitching for Rice University Owls : RHP Cahya Sumual
|
Pitching: LHP Bill Cheatham
|
|
Now at 2B: Emanuel Pulido
|
|
Now at SS: Allen Jarvis
|
|
Now in LF: Javier Quinones
|
|
Now in CF: Chris Gonzales
|
|
Now in RF: Brock Ti
|
|
Batting: LHB Jörg Young
|
0-0: Ball 1-0: Ball 2-0: Ball 3-0: Called Strike 3-1: Base on Balls
|
Batting: RHB Danny Narvaez
|
0-0: Called Strike 0-1: Called Strike 0-2: SINGLE (Line Drive, 9LS, EV 106.2 MPH) Jörg Young to second
|
Batting: RHB Justin Kurutz
|
0-0: Swinging Strike 0-1: Ball 1-1: Called Strike 1-2: Strikes out swinging
|
Pinch Hitting: RHB Jonathan Long
|
0-0: Ball 1-0: Ball 2-0: Foul Ball, location: 2F 2-1: Ball 3-1: Base on Balls Jörg Young to third Danny Narvaez to second
|
Batting: RHB Josh Shirkey
|
0-0: Ball 1-0: Called Strike 1-1: Called Strike 1-2: Ball 2-2: Ball 3-2: SINGLE (Line Drive, 34D, EV 111.9 MPH) Jörg Young scores Danny Narvaez to third Jonathan Long to second Runner from 3rd tries for Home, SAFE, throw by RF to home
|
Batting: LHB Pete Fitchett
|
0-0: Called Strike 0-1: Fly out, F4 (Popup, 4, EV 63.1 MPH)
|
Pitching: RHP Ben Filippone
|
|
Batting: RHB Ben Turner
|
0-0: Swinging Strike 0-1: Swinging Strike 0-2: Strikes out swinging
|
Top of the 7th over - 2 runs, 2 hits, 0 errors, 2 left on base; University of South Carolina 2 - Rice University 2 |
BOTTOM OF THE 7TH |
Rice University Owls batting - Pitching for University of South Carolina Gamecocks : RHP Milorad Telacevic
|
Pitching: RHP Chris Kenny
|
|
Now at 3B: Steve Gibson
|
|
Now in RF: David Fowler
|
|
Batting: RHB Emanuel Pulido
|
0-0: Ball 1-0: Ball 2-0: SINGLE (Groundball, 6MD, EV 103.1 MPH)
|
Batting: RHB Brock Ti
|
0-0: Called Strike 0-1: Ball 1-1: Foul Ball, location: 2F 1-2: 2-RUN HOME RUN (Flyball, 7D, EV 111.2 MPH), Distance : 417 ft
|
Batting: RHB Jim Grosso
|
0-0: Called Strike 0-1: Fly out, F8 (Flyball, 8LD, EV 85.6 MPH)
|
Batting: LHB Chris Gonzales
|
0-0: Ball 1-0: Foul Ball, location: 2F 1-1: Ball 2-1: Ground out 5-3 (Groundball, 56, EV 85.0 MPH)
|
Batting: RHB Allen Jarvis
|
0-0: Called Strike 0-1: Swinging Strike 0-2: Ball 1-2: Ball 2-2: Ball 3-2: Single, Error in OF, E8, batter to second base (Groundball, 6MD, EV 104.4 MPH)
|
Batting: RHB Javier Quinones
|
0-0: Foul Ball, location: 2F 0-1: Ball 1-1: Ground out 6-3 (Groundball, 6, EV 81.9 MPH)
|
Bottom of the 7th over - 2 runs, 3 hits, 1 error, 1 left on base; University of South Carolina 2 - Rice University 4 |
TOP OF THE 8TH |
University of South Carolina Gamecocks batting - Pitching for Rice University Owls : RHP Ben Filippone
|
Pitching: RHP Michael Benford
|
|
Pinch Hitting: RHB Lance Neldon
|
0-0: Ball 1-0: Called Strike 1-1: Fly out, F7 (Flyball, 7, EV 85.6 MPH)
|
Batting: RHB Abel Wensink
|
0-0: Swinging Strike 0-1: Ball 1-1: Ground out 4-3 (Groundball, 4S, EV 85.6 MPH)
|
Pitching: LHP Shan Ping
|
|
Batting: LHB Jörg Young
|
0-0: Called Strike 0-1: Called Strike 0-2: Ball 1-2: Foul Ball, location: 2F 1-2: Strikes out swinging
|
Top of the 8th over - 0 runs, 0 hits, 0 errors, 0 left on base; University of South Carolina 2 - Rice University 4 |
BOTTOM OF THE 8TH |
Rice University Owls batting - Pitching for University of South Carolina Gamecocks : RHP Chris Kenny
|
Pitching: RHP Scott Arthur
|
|
Now at 1B: Lance Neldon
|
|
Batting: RHB Frank Renteria
|
0-0: Foul Ball, location: 2F 0-1: Foul Ball, location: 2F 0-2: Foul Ball, location: 2F 0-2: Foul Ball, location: 2F 0-2: Ball 1-2: Strikes out swinging
|
Batting: LHB Aldred Lieshout
|
0-0: Ground out 6-3 (Groundball, 6, EV 86.2 MPH)
|
Batting: RHB Nick Biel
|
0-0: Ball 1-0: SINGLE (Line Drive, 4D, EV 100.0 MPH)
|
Batting: RHB Emanuel Pulido
|
0-0: Ball 1-0: Foul Ball, location: 2F 1-1: Ball 2-1: Ball 3-1: Fly out, F9 (Flyball, 89XD, EV 100.6 MPH)
|
Bottom of the 8th over - 0 runs, 1 hit, 0 errors, 1 left on base; University of South Carolina 2 - Rice University 4 |
TOP OF THE 9TH |
University of South Carolina Gamecocks batting - Pitching for Rice University Owls : LHP Shan Ping
|
Pitching: LHP Joe Fleury
|
|
Batting: RHB Danny Narvaez
|
0-0: Ball 1-0: Called Strike 1-1: Ball 2-1: Ground out 5-3 (Groundball, 56S, EV 86.9 MPH)
|
Batting: RHB Justin Kurutz
|
0-0: Called Strike 0-1: Ball 1-1: Called Strike 1-2: Ball 2-2: Foul Ball, location: 2F 2-2: SOLO HOME RUN (Flyball, 78XD, EV 113.8 MPH), Distance : 435 ft
|
Batting: LHB David Fowler
|
0-0: Ball 1-0: Ball 2-0: Ball 3-0: Called Strike 3-1: Called Strike 3-2: Foul Ball, location: 2F 3-2: Strikes out swinging
|
Batting: RHB Steve Gibson
|
0-0: Ball 1-0: Ball 2-0: Ball 3-0: Called Strike 3-1: Ground out 4-3 (Groundball, 4, EV 103.1 MPH)
|
Top of the 9th over - 1 run, 1 hit, 0 errors, 0 left on base; University of South Carolina 3 - Rice University 4 |
|